 Dungeon Crawl Stone Soup version 0.15-a0-1403-g2cecdf4 (webtiles) character file.

10623 Amnesiac the Covert (level 11, -6/68 HPs)
             Began as a Vampire Earth Elementalist on June 11, 2014.
             Was a Follower of Dithmenos.
             Mangled by a spiny frog (15 damage)
             ... on Level 3 of the Lair of Beasts.
             The game lasted 01:05:30 (16049 turns).

Amnesiac the Covert (Vampire Earth Elementalist)   Turns: 16049, Time: 01:05:30

HP  -6/68        AC  4     Str  7      XL: 11   Next: 38%
MP  12/23        EV 12     Int 17      God: Dithmenos [*.....]
Gold 472         SH  4     Dex 17      Spells:  5 memorised,  5 levels left

rFire  . . .     SeeInvis +     P - +1,+2 dagger (distort)
rCold  + + .     Clarity  .     N - steam dragon hide
rNeg   + + +     rCorr    .     c - +0 buckler
rPois  +         rRot     +     (no helmet)
rElec  .         Spirit   .     r - +0 cloak
SustAb .         Warding  +     (no gloves)
rMut   .         Stasis   .     R - +0 pair of boots
Gourm  .                        m - amulet of warding
MR     ++...                    o - ring of protection from magic
                                z - ring of wizardry

@: very slightly contaminated, bloodless, non-regenerating, hasted, wreathed by
umbra, very quick, very resistant to hostile enchantments, extremely stealthy
A: bottle blood, fangs 3, see invisible, unbreathing
a: Bat Form, Bottle Blood, Renounce Religion


You were on level 3 of the Lair of Beasts.
You worshipped Dithmenos.
Dithmenos was aware of your devotion.
You were bloodless.

You visited 3 branches of the dungeon, and saw 12 of its levels.
You also visited: Ice Cave.

You collected 472 gold pieces.

Inventory:

Hand weapons
 e - a +0 blowgun
 f - the -1,+4 dagger "Morg" {pain, MR+ Int+5}
   (You acquired it on level 2 of the Lair of Beasts)

   In the hands of one skilled in necromantic magic, it inflicts extra damage on
   living creatures.
   It affects your intelligence (+5).
   It affects your resistance to hostile enchantments.
 w - a +2,+1 dagger of protection
 B - a +3,+1 dagger of pain
 P - a +1,+2 dagger of distortion (weapon)
Missiles
 k - 93 stones (quivered)
 I - 38 poisoned needles
Armour
 c - a +0 buckler (worn)
 r - a +0 cloak (worn)
 N - a steam dragon hide (worn)
 R - a +0 pair of boots (worn)
Magical devices
 h - a wand of digging (14)
 l - a wand of random effects (10)
 q - a wand of slowing (2)
 y - a wand of confusion (0)
 A - a wand of disintegration (12)
 G - a wand of lightning (4)
 L - a wand of digging (13)
 M - a wand of confusion (4)
Scrolls
 g - 3 scrolls of fog
 i - a scroll of remove curse
 s - 3 scrolls of recharging
 t - 4 scrolls of teleportation
Jewellery
 m - an amulet of warding (around neck)
 n - an uncursed ring of teleportation
 o - a ring of protection from magic (right hand)
 z - a ring of wizardry (left hand)
 Q - an uncursed ring of ice
Potions
 a - a potion of haste
 b - a potion of agility
 p - a potion of brilliance {unknown}
 v - 3 potions of restore abilities {unknown}
 x - 7 potions of blood
 C - a potion of might
 E - 3 potions of curing
 F - a potion of confusion {unknown}
 J - 3 potions of lignification {unknown}
Books
 d - a book of Geomancy

   Spells                             Type                      Level
   *Sandblast                         Earth                        1
   *Stoneskin                         Transmutation/Earth          2
   *Passwall                          Transmutation/Earth          3
   Stone Arrow                        Conjuration/Earth            3
   *Petrify                           Transmutation/Earth          4
   *Lee's Rapid Deconstruction        Earth                        5
 j - a book of the Tempests

   Spells                             Type                      Level
   Static Discharge                   Conjuration/Air              3
   Lightning Bolt                     Conjuration/Air              5
   Fireball                           Conjuration/Fire             5
   Tornado                            Air                          9
   Shatter                            Earth                        9
 D - a book of Frost

   Spells                             Type                      Level
   Freeze                             Ice                          1
   Throw Frost                        Conjuration/Ice              2
   Ozocubu's Armour                   Charms/Ice                   3
   Throw Icicle                       Conjuration/Ice              4
   Summon Ice Beast                   Ice/Summoning                4
   Condensation Shield                Ice                          4
 O - a book of Beasts

   Spells                             Type                      Level
   Summon Butterflies                 Summoning                    1
   Call Canine Familiar               Summoning                    3
   Summon Ice Beast                   Ice/Summoning                4
   Summon Mana Viper                  Hexes/Summoning              5
   Monstrous Menagerie                Summoning                    6
   Summon Hydra                       Summoning                    7
Magical staves
 K - an uncursed staff of fire


   Skills:
 - Level 10.0 Short Blades
 - Level 2.1 Dodging
 - Level 12.0 Stealth
 - Level 0.8 Shields
 - Level 5.0 Spellcasting
 - Level 6.0 Transmutations
 + Level 11.5 Earth Magic


You had 5 spell levels left.
You knew the following spells:

 Your Spells              Type           Power        Failure   Level  Hunger
a - Stoneskin             Trmt/Erth      ####......   1%          2    #......
e - Petrify               Trmt/Erth      ####....     1%          4    ####...
f - Lee's Rapid Deconstr  Erth           #####.....   1%          5    #####..
v - Passwall              Trmt/Erth      ####......   1%          3    ###....
z - Sandblast             Erth           #####.       1%          1    None


Dungeon Overview and Level Annotations

Branches:
Dungeon (8/15)             Temple (1/1) D:7            Lair (3/8) D:8
  Swamp: Lair:3-6    Shoals: Lair:3-6     Snake: Lair:3-6    Spider: Lair:3-6

Altars:
Ashenzari
Cheibriados
Dithmenos
Elyvilon
Fedhas
Gozag
Kikubaaqudgha
Makhleb
Nemelex Xobeh
Okawaru
Qazlal
Sif Muna
Trog
Vehumet
Xom
Yredelemnul
Zin
The Shining One

Annotations:
Lair:2 exclusion: upstairs


Innate Abilities, Weirdness & Mutations

You do not heal naturally.
You can bottle blood from corpses.
You have razor-sharp teeth.*
You have supernaturally acute eyesight.
You can survive without breathing.*


Message History

Okay, then.
Read which item? (? for menu, Esc to quit)
Okay, then.
Drink which item? (? for menu, Esc to quit)
You feel yourself speed up.
You feel devoid of blood! The spiny frog barely misses you.
The green rat bites you. The green rat barely misses you.
The green rat closely misses you. You block the green rat's attack.
The green rat bites you. The spiny frog stings you!
* * * LOW HITPOINT WARNING * * *
You are very lightly contaminated with residual magic.
You block the green rat's attack.
Casting: Petrify
Confirm with . or Enter, or press ? or * to list all spells.
Aiming: Petrify
Press: ? - help, Shift-Dir - straight line, p - spiny frog The spiny frog is moving more slowly.
The spiny frog stings you!
You die...

#### ###.#.##
.......### .#
#P.....## ..#
#...#..##.##..#
##...r#@........
#...r.F#........
###...rrr.........
#.........r........
...........r........
..........r<.......#
................###
...............##
P..............P#


You could see a spiny frog (petrifying) and 5 green rats.

Vanquished Creatures
  The ghost of spanner the Covert, an experienced SpEn of Dithmenos (D:7)
  An oklob plant (Lair:1)
  2 spiny frogs
  A komodo dragon (Lair:1)
  5 polar bears (IceCv)
  Prince Ribbit (D:4)
  8 yaks (IceCv)
  Eustachio (D:7)
  A steam dragon (D:7)
  A hippogriff (D:7)
  Menkaure (D:4)
  13 wolves (IceCv)
  6 porcupines (Lair:2)
  2 water moccasins
  2 ice beasts
  3 sky beasts
  An ogre (D:8)
  2 orc warriors
  Sigmund (D:3)
  2 big kobolds (D:7)
  A giant frog (D:6)
  3 crocodiles
  A scorpion (D:7)
  5 wights (D:7)
  6 killer bees (D:8)
  2 quasits (D:5)
  2 goliath beetles
  2 crimson imps
  2 hounds
  A big fish (D:2)
  5 orc priests
  6 orc wizards
  7 iguanas
  A gnoll shaman (D:6)
  A worker ant (D:6)
  Ijyb (D:2)
  A sky beast zombie (D:7)
  13 adders
  6 gnolls (D:6)
  A worker ant zombie (D:8)
  8 green rats (Lair:3)
  A giant mite (D:4)
  11 white imps
  2 worms (D:2)
  An adder zombie (D:7)
  8 giant geckos
  34 orcs
  A ball python (D:2)
  14 bats
  A bat skeleton (D:4)
  6 giant cockroaches
  7 goblins
  15 hobgoblins
  11 jackals
  25 kobolds
  5 quokkas
  A giant gecko skeleton (D:4)
  2 giant newts
  3 giant spores
  A hobgoblin skeleton (D:6)
  An orc skeleton (D:7)
  9 rats
  A rat zombie (D:7)
  27 ballistomycetes
  A fungus (D:8)
318 creatures vanquished.

Vanquished Creatures (others)
  2 death yaks (IceCv)
  A komodo dragon (Lair:2)
  5 polar bears (IceCv)
  3 yaks (IceCv)
  6 wolves (IceCv)
  2 giant frogs
  A hound (Lair:2)
  An adder (D:7)
  A bat (D:2)
  2 giant spores (D:6)
24 creatures vanquished.

Grand Total: 342 creatures vanquished

Notes
Turn   | Place    | Note
--------------------------------------------------------------
     0 | D:1      | Amnesiac, the Vampire Earth Elementalist, began the quest for the Orb.
     0 | D:1      | Reached XP level 1. HP: 13/13 MP: 3/3
   358 | D:1      | Reached skill level 4 in Stealth
   519 | D:1      | Reached XP level 2. HP: 19/19 MP: 2/4
   523 | D:1      | Learned a level 2 spell: Stoneskin
  1054 | D:2      | Noticed Ijyb
  1074 | D:2      | Killed Ijyb
  1074 | D:2      | Reached skill level 5 in Stealth
  1074 | D:2      | Reached XP level 3. HP: 15/24 MP: 0/6
  1241 | D:2      | Found a bloodstained altar of Trog.
  1246 | D:2      | Reached skill level 1 in Short Blades
  1474 | D:2      | Reached skill level 6 in Stealth
  1560 | D:2      | Found a white marble altar of Elyvilon.
  1602 | D:2      | Reached XP level 4. HP: 25/30 MP: 2/7
  1855 | D:2      | Learned a level 3 spell: Passwall
  2116 | D:2      | Reached XP level 5. HP: 32/35 MP: 0/9
  2290 | D:3      | Found a snail-covered altar of Cheibriados.
  2860 | D:3      | Noticed Sigmund
  3092 | D:3      | Killed Sigmund
  3110 | D:2      | Found a white marble altar of Elyvilon.
  3216 | D:5      | Entered Level 5 of the Dungeon
  3441 | D:4      | Reached XP level 6. HP: 26/41 MP: 0/11
  3677 | D:4      | Noticed Menkaure
  3697 | D:4      | Learned a level 4 spell: Petrify
  3774 | D:4      | Killed Menkaure
  4141 | D:4      | Noticed Prince Ribbit
  4225 | D:4      | Killed Prince Ribbit
  4225 | D:4      | Reached skill level 5 in Transmutations
  4225 | D:4      | Reached skill level 5 in Earth Magic
  4225 | D:4      | Reached XP level 7. HP: 46/46 MP: 4/14
  4458 | D:5      | Noticed an ice beast
  4492 | D:5      | Killed an ice beast
  4999 | D:5      | Found a burning altar of Makhleb.
  5371 | D:5      | Found a glowing silver altar of Zin.
  5372 | D:5      | Noticed an angel
  5374 | D:5      | Noticed a balrug
  5755 | D:6      | Reached XP level 8. HP: 52/52 MP: 11/16
  6129 | D:6      | Paralysed by a potion of paralysis for 2 turns
  6741 | D:7      | Noticed Eustachio
  6742 | D:7      | Reached skill level 5 in Short Blades
  6929 | D:7      | Killed Eustachio
  6930 | D:7      | Noticed spanner's ghost (experienced SpEn)
  7011 | D:7      | Killed spanner's ghost
  7011 | D:7      | Reached skill level 9 in Stealth
  7011 | D:7      | Reached XP level 9. HP: 57/57 MP: 12/17
  9474 | D:7      | Found a staircase to the Ecumenical Temple.
  9483 | Temple   | Entered the Ecumenical Temple
  9537 | Temple   | Became a worshipper of Dithmenos the Shadowed
  9872 | D:7      | Reached skill level 10 in Stealth
 11020 | D:8      | Found a staircase to the Lair.
 11146 | D:8      | Found a snail-covered altar of Cheibriados.
 11153 | D:8      | Found a deep blue altar of Sif Muna.
 11372 | D:8      | Found a deep blue altar of Sif Muna.
 11372 | D:8      | Found a sparkling altar of Nemelex Xobeh.
 11606 | D:8      | Reached XP level 10. HP: 56/63 MP: 2/18
 11719 | Lair:1   | Entered Level 1 of the Lair of Beasts
 11810 | Lair:1   | Found an opulent altar of Gozag.
 11810 | Lair:1   | Noticed an oklob plant
 11820 | Lair:1   | Killed an oklob plant
 12094 | Lair:1   | Reached skill level 10 in Short Blades
 12241 | Lair:2   | Reached skill level 11 in Stealth
 12315 | Lair:2   | Found a frozen archway.
 12319 | Lair:2   | Reached skill level 12 in Stealth
 12412 | IceCv    | Entered an ice cave
 12722 | IceCv    | Got a smoking glass ring
 12724 | IceCv    | Identified the cursed ring "Kaineckapp" {Str-5 Int-4 Acc-4} (You found it in an ice cave)
 12778 | IceCv    | Learned a level 5 spell: Lee's Rapid Deconstruction
 13216 | IceCv    | Reached skill level 5 in Spellcasting
 13236 | IceCv    | Noticed a death yak
 13555 | IceCv    | Noticed a death yak
 13581 | IceCv    | Reached XP level 11. HP: 33/68 MP: 14/23
 14165 | IceCv    | Reached skill level 10 in Earth Magic
 14324 | IceCv    | Noticed a frost giant
 14350 | IceCv    | Killed a death yak
 15153 | IceCv    | Killed a death yak
 15607 | Lair:2   | Identified a scroll of acquirement
 16049 | Lair:3   | Mangled by a spiny frog

Action                   |  1- 3 |  4- 6 |  7- 9 | 10-12 || total
-------------------------+-------+-------+-------+-------++-------
Melee: Short sword       |     3 |       |       |       ||     3
       Dagger            |    30 |    90 |  1001 |   200 ||  1321
       Unarmed           |       |     2 |     1 |       ||     3
       Staff             |       |       |     2 |       ||     2
Throw: Stone             |       |       |     2 |       ||     2
 Cast: Sandblast         |    59 |   122 |    18 |       ||   199
       Passwall          |       |    12 |    19 |    23 ||    54
       Petrify           |       |     2 |   125 |    74 ||   201
       Lee's Rapid Decon |       |       |       |     5 ||     5
 Abil: Bottle Blood      |       |     6 |    30 |     9 ||    45
       End Transformatio |       |       |     1 |     1 ||     2
       Bat Form          |       |       |     1 |     1 ||     2
Evoke: Wand              |     1 |       |     8 |     1 ||    10
  Use: Scroll            |       |       |    17 |     8 ||    25
       Potion            |       |       |     4 |    10 ||    14
 Stab: Sleeping          |     3 |    11 |    22 |    24 ||    60
       Distracted        |     1 |       |     3 |       ||     4
       Petrified         |       |     2 |    34 |     2 ||    38
       Petrifying        |       |       |    40 |    31 ||    71
       Paralysed         |       |       |     1 |       ||     1
       Confused          |       |       |     1 |       ||     1
